 Dungeon Crawl Stone Soup version 0.30-a0-634-g8abc85282e (webtiles) character file.

Game seed: 13155625992031390824

2683 Dirtsage the Transmogrifier (level 9, -7/63 HPs)
             Began as an Octopode Transmuter on Jan 14, 2023.
             Was a Follower of the Shining One.
             Killed by divine providence
             ... invoked by an orc priest
              (13 damage)
             ... on level 7 of the Dungeon.
             The game lasted 00:14:27 (6011 turns).

Dirtsage the Transmogrifier (Octopode Transmuter)   Turns: 6011, Time: 00:14:28

Health: -7/63      AC: 11    Str: 10    XL:     9   Next: 64%
Magic:  12/12      EV: 10    Int: 31    God:    the Shining One [*.....]
Gold:   299        SH:  0    Dex: 18    Spells: 5/12 levels left

rFire   x . .      SeeInvis .      - Unarmed
rCold   + + +      Faith    .    (shield currently unavailable)
rNeg    . . .      Spirit   .    (helmet currently unavailable)
rPois   +          Reflect  .    d - amulet of magic regeneration
rElec   .          Harm     .    e - +6 ring of intelligence
rCorr   .          Rampage  .    g - +6 ring of intelligence
Will    .....                    r - +6 ring of dexterity
Stlth   +                        (no ring)
HPRegen 0.30/turn                (no ring)
MPRegen 0.53/turn                (no ring)
                                 (no ring)
                                 (no ring)

@: ice-form, wereblooded (expiring), glowing
A: freezing attack, boosted hp, almost no armour, amphibious, 8 rings, large,
(camouflage 1), (gelatinous body 1), (nimble swimmer 1), (tentacles)
a: End Transformation, Renounce Religion, Divine Shield


You were on level 7 of the Dungeon.
You worshipped the Shining One.
The Shining One was aware of your devotion.
You were a creature of crystalline ice.
You visited 2 branches of the dungeon, and saw 8 of its levels.

You collected 299 gold pieces.

Inventory:

Jewellery
 d - an amulet of magic regeneration (around neck)
 e - a +6 ring of intelligence (left front paw)
 g - a +6 ring of intelligence (right front paw)
 l - a ring of ice
 r - a +6 ring of dexterity (on tentacle)
Wands
 a - a wand of paralysis (6)
Scrolls
 c - a scroll of magic mapping
 f - 2 scrolls of enchant armour
 i - 6 scrolls of identify
 m - a scroll of teleportation {unknown}
Potions
 b - a potion of cancellation
 h - 2 potions of mutation
 j - 3 potions of berserk rage
 k - 2 potions of brilliance {unknown}
 n - a potion of degeneration {unknown}
 o - 2 potions of curing {unknown}
 p - a potion of flight
 q - 4 potions of heal wounds {unknown}


   Skills:
 - Level 1.0 Fighting
 - Level 2.0 Dodging
 - Level 3.0 Unarmed Combat
 - Level 2.0 Spellcasting
 * Level 3.0 Conjurations
 - Level 8.5 Transmutations
 - Level 8.2 Ice Magic
 * Level 3.1 Air Magic
 + Level 2.2 Invocations


You had 5 spell levels left.
You knew the following spells:

 Your Spells              Type           Power      Damage    Failure   Level
a - Ice Form              Ice/Tmut       53%        N/A       2%          4
b - Wereblood             Tmut           54%        N/A       1%          2
c - Beastly Appendage     Tmut           100%       N/A       1%          1

Your spell library contained the following spells:

 Spells                   Type           Power      Damage    Failure   Level
 Ensorcelled Hibernation  Hex/Ice        56%        N/A       1%          2
 Spider Form              Tmut/Pois      29%        N/A       3%          3
 Kiss of Death            Conj/Necr      48%        2d9       4%          1
 Ignite Poison            Fire/Tmut/Pois 20%        N/A       7%          3
 Kindle Blastsparks       Fire/Tloc/Air  18%        2d11      14%         3
 Confusing Touch          Hex            3%         N/A       22%         3
 Freezing Cloud           Conj/Ice/Air   16%        6-21      28%         5
 Anguish                  Hex/Necr       1%         N/A       58%         4
 Dispel Undead            Necr           3%         3d7       58%         4


Dungeon Overview and Level Annotations

Branches:
Dungeon (7/15)             Temple (1/1) D:4

Altars:
Ashenzari
Cheibriados
Dithmenos
Fedhas
Gozag
Hepliaklqana
Makhleb
Nemelex Xobeh
Okawaru
Qazlal
Ru
Sif Muna
Trog
Uskayaw
Vehumet
Yredelemnul
Zin
The Shining One

Annotations:
D:7 Joseph


Innate Abilities, Weirdness & Mutations

You are a creature of crystalline ice.
You have a powerful freezing melee attack.
Your maximum health is increased.
Your armour is entirely melded.
You are incapable of wielding weapons or throwing items.
You cannot wear most types of armour.
You are amphibious.
You can wear up to eight rings at the same time.
((Your skin changes colour to match your surroundings (Stealth+).))
((Your rubbery body absorbs attacks. (AC +1, EV +1)))
((You are camouflaged when in or above water. (Stealth+)))
((You have tentacles for arms and can constrict up to eight enemies at once.))


Message History

The orc warrior is severely wounded.
The orc priest invokes the aid of Beogh against you.
Pain shoots through your body!
You take 5 damage, and have 28/63 hp.
You hit the orc warrior but do no damage.
The orc warrior is severely wounded.
The orc warrior hits you but does no damage.
You hit the orc warrior but do no damage.
The orc warrior is severely wounded.
The orc warrior hits you with a +0 long sword!
* * * LOW HITPOINT WARNING * * *
The orc priest calls down the wrath of Beogh upon you.
Pain shoots through your body!
* * * LOW HITPOINT WARNING * * *
You take 18 damage, and have 10/63 hp.
MASSIVE DAMAGE!!
You hit the orc warrior. You freeze the orc warrior.
The orc warrior is almost dead.
The orc warrior hits you with a +0 long sword.
* * * LOW HITPOINT WARNING * * *
The orc priest hits you with a +0 club.
* * * LOW HITPOINT WARNING * * *
You take 2 damage, and have 8/63 hp.
You hit the orc warrior but do no damage.
The orc warrior is almost dead.
The orc warrior hits you but does no damage.
The orc priest hits you with a +0 club.
* * * LOW HITPOINT WARNING * * *
You take 2 damage, and have 6/63 hp.
You punch the orc priest! You freeze the orc priest.
The orc priest is severely wounded.
The orc warrior hits you with a +0 long sword.
* * * LOW HITPOINT WARNING * * *
The orc priest hits you but does no damage.
You take 4 damage, and have 2/63 hp.
You punch the orc warrior! You freeze the orc warrior.
You feel a bit better.
You kill the orc warrior!
Your primal bloodlust is almost over.
The orc priest invokes the aid of Beogh against you.
Beogh smites you!
You die...

########co## ....# ..###
.... ## ...#.. .... #.......
..... #.####.### .....
#........ ...... o####
#......#######o... ....#
#......)#..Y#..# #...#
#..........)o)# #...###
#.........#.### #......
#......)....# #......
#.########### ###......
#.########### .. #........
#...........# #.##.##†####
#######.....#.###.##.##.####
#.....#.#...##........


You could see an orc priest.

Vanquished Creatures
  A two-headed ogre (D:6)
  Maggie (D:6)
  A shadow (D:7)
  Edmund (D:6)
  2 orc warriors
  A sky beast (D:5)
  2 ogres
  2 centaurs
  3 necrophages
  A bullfrog (D:6)
  A scorpion (D:5)
  A killer bee (D:7)
  3 howler monkeys
  4 hounds (D:5)
  A jelly (D:5)
  3 orc priests
  An iguana (D:5)
  An orc wizard (D:6)
  11 adders
  4 gnolls (D:2)
  A shadow imp (D:6)
  2 white imps
  2 ufetubi
  A worm (D:3)
  2 dart slugs
  10 orcs
  7 endoplasms
  5 giant cockroaches
  12 goblins
  6 hobgoblins
  4 jackals (D:4)
  5 kobolds
  2 quokkas
  6 ball pythons
  5 bats
  4 frilled lizards
  6 rats
125 creatures vanquished.

Notes
Turn   | Place    | Note
-------+----------+-------------------------------------------
     0 | D:1      | Dirtsage the Octopode Transmuter began the quest for the
                  | Orb.
     0 | D:1      | Reached XP level 1. HP: 13/13 MP: 3/3
    99 | D:1      | Reached skill level 1 in Ice Magic
    99 | D:1      | Reached XP level 2. HP: 15/18 MP: 3/5
   102 | D:1      | Learned a level 2 spell: Wereblood
   628 | D:2      | Reached XP level 3. HP: 23/23 MP: 2/6
  1150 | D:2      | Reached XP level 4. HP: 25/28 MP: 7/7
  1161 | D:2      | Learned a level 4 spell: Ice Form
  1587 | D:3      | Noticed a necrophage
  1599 | D:3      | Killed a necrophage
  1600 | D:3      | Reached XP level 5. HP: 29/33 MP: 8/8
  2308 | D:4      | Found a staircase to the Ecumenical Temple.
  2331 | D:4      | Reached XP level 6. HP: 37/38 MP: 9/9
  2341 | Temple   | Entered the Ecumenical Temple
  2369 | Temple   | Became a worshipper of the Shining One
  2646 | D:4      | Reached skill level 5 in Transmutations
  3129 | D:5      | Entered Level 5 of the Dungeon
  3217 | D:5      | Reached XP level 7. HP: 16/43 MP: 10/10
  3403 | D:5      | Reached skill level 5 in Ice Magic
  3537 | D:5      | Reached * piety under the Shining One
  3657 | D:5      | Reached XP level 8. HP: 48/48 MP: 11/11
  4361 | D:6      | Found a sacrificial altar of Ru.
  4690 | D:6      | Found a broken altar of Ashenzari.
  4748 | D:6      | Noticed Edmund
  4759 | D:6      | Killed Edmund
  4919 | D:6      | Noticed a two-headed ogre
  4933 | D:6      | Killed a two-headed ogre
  4934 | D:6      | Reached XP level 9. HP: 34/53 MP: 12/12
  5183 | D:7      | Noticed a boulder beetle
  5333 | D:7      | Noticed Maggie
  5343 | D:6      | HP: 2/63 [shadow imp/nerve-wracking pain (8)]
  5356 | D:6      | Killed Maggie
  5357 | D:6      | Reached skill level 1 in Invocations
  5869 | D:7      | Noticed Joseph
  6010 | D:7      | HP: 2/63 [orc warrior/+0 long sword (4)]
  6011 | D:7      | Killed from afar by an orc priest

Illustrated notes

Levels and vault maps discovered:
D:1:      pf_arrival_petrified_forest, layout_basic, minmay_tetromino_s4
D:2:      layout_loops_cross, minmay_misc_feat_tower,
          corexii_item_surrounded_by_moat
D:3:      layout_loops_ring
D:4:      kennysheep_the_goblin_king, layout_basic, minmay_temple_entry_mist
D:5:      layout_layer_cave
D:6:      layout_loops_cross, old_standard_altar, nicolae_ru_awakened_eye,
          minmay_fountain_box, uniq_edmund
D:7:      layout_basic, grunt_temple_overflow_open, serial_shops, shop,
          nicolae_shop_hallway_plus, shop, nicolae_shop_stone, shop,
          minmay_between, uniq_maggie, uniq_pikel, uniq_joseph
Temple:   lightli_temple_of_artemis

Skill      XL: |  1  2  3  4  5  6  7  8  9 |
---------------+----------------------------+-----
Ice Magic      | 1 2 3 4 6 8 |  8.2
Transmutations | 3 4 5 6 8 |  8.5
Conjurations   | 3 |  3.0
Air Magic      | 3 |  3.1
Invocations    | 2 |  2.2
Fighting       | |  1.0
Dodging        | |  2.0
Unarmed Combat | |  3.0
Spellcasting   | |  2.0

Action                   |  1- 3 |  4- 6 |  7- 9 || total
-------------------------+-------+-------+-------++-------
Melee: Unarmed           |    68 |   117 |   141 ||   326
       Tentacles         |    15 |    17 |     2 ||    34
       Constrict         |    21 |    13 |     1 ||    35
       Kick              |    14 |     8 |       ||    22
       Punch             |     3 |     5 |     2 ||    10
 Cast: Beastly Appendage |    14 |     4 |       ||    18
       Wereblood         |     2 |     2 |     7 ||    11
       Ice Form          |       |     8 |    18 ||    26
Evoke: Wand              |       |       |     6 ||     6
  Use: Scroll            |     5 |     7 |     2 ||    14
       Potion            |       |       |     2 ||     2
 Stab: Sleeping          |     9 |     5 |       ||    14
Armor: Skin              |     2 |    29 |    44 ||    75
Dodge: Dodged            |    43 |    60 |    64 ||   167

Table legend: (Time is in decaauts)
 A = Elapsed time spent in this place.
 B = Non-inter-level travel time spent in this place.
 C = Inter-level travel time spent in this place.
 D = Time resting spent in this place.
 E = Time spent auto-exploring this place.
 F = Levels seen in this place.
 G = Mean time per level.
                   A        B        C        D        E       F      G
               +--------+--------+--------+--------+--------+-----+--------+
         Total |   5990 |   5807 |    183 |    511 |   4259 |   8 |  748.8 |
       Dungeon |   5950 |   5777 |    173 |    511 |   4256 |   7 |  850.0 |
        Temple |     39 |     29 |     10 |      0 |      3 |   1 |   39.0 |
               +--------+--------+--------+--------+--------+-----+--------+

Top non-repeatable levels by time:
     D:6: 1233 daAuts
     D:5: 1190 daAuts
     D:4: 956 daAuts
     D:2: 866 daAuts
     D:3: 641 daAuts
     D:1: 612 daAuts
     D:7: 450 daAuts
  Temple: 39 daAuts
